 Dungeon Crawl Stone Soup version 0.29-a0-819-g94b489e0ae (webtiles) character file.

Game seed: 5435846341927651967

138 Ayihk420 the Chopper (level 5, 0/66 HPs)
             Began as a Palentonga Berserker on July 6, 2022.
             Was a Believer of Trog.
             Slain by a black bear (1 damage)
             ... on level 3 of the Dungeon.
             The game lasted 00:07:39 (2053 turns).

Ayihk420 the Chopper (Palentonga Berserker)         Turns: 2053, Time: 00:07:40

Health: 0/66       AC:  5    Str: 20    XL:     5   Next: 1%
Magic:  5/5        EV:  8    Int:  8    God:    Trog [**....]
Gold:   190        SH:  6    Dex: 11    Spells: 4/4 levels left

rFire   . . .      SeeInvis +   h - +2 flail (holy)
rCold   . . .      Faith    .   d - +0 kite shield
rNeg    . . .      Spirit   .   j - +0 leather armour
rPois   .          Reflect  .   p - +0 helmet
rElec   .          Harm     .   (no cloak)
rCorr   .          Rampage  .   (no gloves)
Will    ++...                   (no barding)
Stlth   ..........              (no amulet)
HPRegen 1.21/turn               (no ring)
MPRegen 0.09/turn               (no ring)

@: berserking, strong-willed, regenerating, very quick
A: large, rugged brown scales 3, see invisible, deformed body, roll 1, armoured
tail
a: Rolling Charge, Renounce Religion, Berserk, Trog's Hand


You were on level 3 of the Dungeon.
You worshipped Trog.
Trog was pleased with you.
You visited 1 branch of the dungeon, and saw 3 of its levels.

You collected 190 gold pieces.

Inventory:

Hand Weapons
 h - a +2 flail of holy wrath (weapon)
Missiles
 b - 2 boomerangs
 o - 4 poisoned darts
Armour
 d - a +0 kite shield (worn)
 j - a +0 leather armour (worn)
 p - a +0 helmet (worn)
Wands
 q - a wand of polymorph (9)
Scrolls
 a - 4 scrolls of teleportation {unknown}
 i - a scroll of enchant weapon {unknown}
 l - a scroll of magic mapping {unknown}
 m - a scroll of enchant armour {unknown}
 n - a scroll of identify {unknown}
Potions
 c - a potion of resistance {unknown}
 e - a potion of might {unknown}
 f - 3 potions of curing {unknown}
 g - a potion of lignification {unknown}
 k - 2 potions of brilliance {unknown}


   Skills:
 * Level 3.9 Fighting
 * Level 3.9 Axes
 * Level 2.5 Armour
 + Level 2.3 Dodging


You had 4 spell levels left.
You didn't know any spells.
Your spell library was empty.

Dungeon Overview and Level Annotations

Branches:
Dungeon (3/15)

Altars:

Shops:
D:1 *


Innate Abilities, Weirdness & Mutations

You are completely covered in rugged brown scales. (AC +3, +7% HP)
You have supernaturally acute eyesight. (SInv)
Armour fits poorly on your strangely shaped body.
You can roll at nearby foes to attack.
You have a long armoured tail.


Message History

You closely miss the black bear.
The black bear is moderately wounded.
You block the black bear's attack. x2; The black bear barely misses you.
You hit the black bear but do no damage.
Your tail-slap misses the black bear.
The black bear is moderately wounded.
The black bear bites you. The black bear closely misses you.
The black bear claws you. The black bear bites you.
You block the black bear's attack. The black bear closely misses you.
You barely miss the black bear.
The black bear is moderately wounded.
You block the black bear's attack. The black bear claws you.
The black bear claws you but does no damage.
You hit the black bear.
The black bear is heavily wounded.
The black bear bites you. The black bear closely misses you.
The black bear claws you but does no damage.
The hobgoblin hits you.
You hit the black bear but do no damage.
The black bear is heavily wounded.
You block the hobgoblin's attack. You block the black bear's attack.
The black bear claws you. x2
* * * LOW HITPOINT WARNING * * *
The black bear bites you!
* * * LOW HITPOINT WARNING * * *
The black bear closely misses you. The black bear claws you.
* * * LOW HITPOINT WARNING * * *
The hobgoblin hits you but does no damage.
The hobgoblin attacks as you move away!
The hobgoblin hits you but does no damage.
Your skin crawls.
You feel strong-willed. You block the black bear's attack.
The black bear claws you but does no damage. x2
A red film seems to cover your vision as you go berserk!
You feel yourself moving faster!
You feel mighty! You block the hobgoblin's attack. The black bear bites you.
* * * LOW HITPOINT WARNING * * *
The black bear claws you.
You die...

.......# #.#
......##########.#
................#
........#########
...<....#
........#
........#
........#######
.......g@.....#
.......h#####.#
........#
........#
........#
......### ......
...... ......


You could see a black bear and a hobgoblin.

Vanquished Creatures
  Natasha (D:3)
  2 orc wizards (D:3)
  An adder (D:3)
  A worm (D:3)
  A dart slug (D:2)
  2 orcs (D:3)
  5 ball pythons
  3 bats
  2 giant cockroaches (D:2)
  6 goblins
  4 hobgoblins
  3 jackals (D:1)
  3 frilled lizards
  10 kobolds
  5 rats
49 creatures vanquished.

Vanquished Creatures (others)
  Natasha (D:3)
1 creature vanquished.

Grand Total: 50 creatures vanquished

Notes
Turn   | Place    | Note
-------+----------+-------------------------------------------
     0 | D:1      | Ayihk420 the Palentonga Berserker began the quest for the
                  | Orb.
     0 | D:1      | Reached XP level 1. HP: 19/19 MP: 1/1
   148 | D:1      | Reached XP level 2. HP: 17/25 MP: 2/2
   315 | D:1      | Found Yhatz's Assorted Antiques.
   682 | D:1      | Found a faded altar of an unknown god.
  1011 | D:2      | Reached ** piety under Trog
  1012 | D:2      | Reached XP level 3. HP: 31/31 MP: 3/3
  1512 | D:3      | Noticed Natasha
  1515 | D:3      | Killed Natasha
  1597 | D:3      | Reached XP level 4. HP: 32/37 MP: 4/4
  1864 | D:3      | Noticed Natasha
  1878 | D:3      | Killed Natasha
  1881 | D:3      | Reached XP level 5. HP: 31/44 MP: 5/5
  2042 | D:3      | Noticed a black bear
  2050 | D:3      | HP: 2/44 [black bear (4)]
  2053 | D:3      | Slain by a black bear

Illustrated notes

Levels and vault maps discovered:
D:1:      onia_arrival_mini_spirals, layout_basic,
          dreamdust_ecumenical_altar_hidden_monk_grotto, serial_shops,
          nicolae_square_shop
D:2:      layout_loops_ring
D:3:      wad_crossroads, layout_basic, uniq_natasha

Skill      XL: |  1  2 |
---------------+-------+-----
Armour         | 2 |  2.5
Dodging        | 2 |  2.3
Fighting       | |  3.9
Axes           | |  3.9

Action                   |  1- 3 |  4- 6 || total
-------------------------+-------+-------++-------
Melee: Hand axe          |    58 |       ||    58
       Tailslap          |     9 |     4 ||    13
       Flail             |    34 |    32 ||    66
       Unarmed           |       |     8 ||     8
Invok: Berserk           |       |     2 ||     2
       Trog's Hand       |       |     2 ||     2
 Abil: Rolling Charge    |    25 |     9 ||    34
  Use: Scroll            |     1 |       ||     1
Armor: Animal skin       |    34 |       ||    34
       Leather armour    |     2 |    14 ||    16
       Skin              |       |     8 ||     8
Dodge: Dodged            |    45 |    17 ||    62
Block: Kite shield       |     4 |    14 ||    18

Table legend: (Time is in decaauts)
 A = Elapsed time spent in this place.
 B = Non-inter-level travel time spent in this place.
 C = Inter-level travel time spent in this place.
 D = Time resting spent in this place.
 E = Time spent auto-exploring this place.
 F = Levels seen in this place.
 G = Mean time per level.
                   A        B        C        D        E       F      G
               +--------+--------+--------+--------+--------+-----+--------+
         Total |   2095 |   2053 |     42 |    176 |   1215 |   3 |  698.3 |
       Dungeon |   2095 |   2053 |     42 |    176 |   1215 |   3 |  698.3 |
               +--------+--------+--------+--------+--------+-----+--------+

Top non-repeatable levels by time:
     D:1: 887 daAuts
     D:2: 636 daAuts
     D:3: 572 daAuts
